 Dungeon Crawl Stone Soup version 0.17-a0-2014-g32cd421 (webtiles) character file.

114 Shim the Grasshopper (level 4, -8/29 HPs)
             Began as a High Elf Warper on Oct 8, 2015.
             Mangled by an ogre
             ... wielding a cursed -1 giant club
              (23 damage)
             ... on level 5 of the Dungeon on Oct 9, 2015.
             The game lasted 00:22:02 (3577 turns).

Shim the Grasshopper (High Elf Warper)              Turns: 3577, Time: 00:22:02

Health: -8/29      AC:  2    Str: 10    XL:     4   Next: 67%
Magic:  2/8        EV: 13    Int: 19    God:
Gold:   115        SH:  0    Dex: 15    Spells: 4 memorised, 0 levels left

rFire  . . .     SeeInvis .     a - +1 short sword
rCold  . . .     Clarity  .     r - +0 robe
rNeg   . . .     SustAt   .     (no shield)
rPois  .         Gourm    .     (no helmet)
rElec  .         Spirit   .     (no cloak)
rCorr  .         Warding  .     (no gloves)
rMut   .         Stasis   .     (no boots)
MR     .....                    (no amulet)
Stlth  ++........               v - +2 ring of intelligence
                                l - ring of invisibility

@: very slightly contaminated, not resistant to hostile enchantments, unstealthy
A: low mp 1
a: Evoke Invisibility


You were on level 5 of the Dungeon.
You were very hungry.

You visited 1 branch of the dungeon, and saw 5 of its levels.

You collected 115 gold pieces.

Inventory:

Hand Weapons
 a - a +1 short sword (weapon)
Missiles
 e - 5 tomahawks of dispersal
 n - 39 stones
 p - 17 poisoned needles
 t - 14 tomahawks (quivered)
Armour
 b - a +0 leather armour
 r - a +0 robe (worn)
Jewellery
 i - a +3 ring of intelligence
 l - a ring of invisibility (left hand)
 v - a +2 ring of intelligence (right hand)
Wands
 u - a wand of draining (10)
Scrolls
 g - 5 scrolls of identify {unknown}
 h - a scroll of recharging {unknown}
 k - 3 scrolls of enchant weapon
 o - a scroll of immolation {unknown}
 q - 2 scrolls of remove curse {unknown}
 w - a scroll of amnesia {unknown}
Potions
 d - 2 potions of curing
 m - a potion of brilliance
 s - a potion of agility
 A - a potion of ambrosia {unknown}
Books
 c - a book of Spatial Translocations

   Spells                             Type                      Level
   a - Apportation                    Translocation                1
   b - Blink                          Translocation                2
   c - Shroud of Golubria             Charms/Translocation         2
   d - Portal Projectile              Translocation                3
   e - Teleport Other                 Translocation                3
   f - Passage of Golubria            Translocation                4
Comestibles
 f - 2 bread rations
 j - 2 fruits
 x - a royal jelly
 z - a meat ration


   Skills:
 + Level 2.2 Fighting
 + Level 3.0 Short Blades
 + Level 1.3 Throwing
 + Level 1.3 Armour
 + Level 2.9 Dodging
 * Level 1.9 Stealth
 + Level 2.9 Spellcasting
 + Level 1.0 Charms
 + Level 4.0 Translocations


You couldn't memorise any spells.
You knew the following spells:

 Your Spells              Type           Power        Failure   Level  Hunger
a - Apportation           Tloc           ###.......   3%          1    None
b - Blink                 Tloc           N/A          6%          2    ##.....
c - Shroud of Golubria    Chrm/Tloc      ##........   10%         2    ##.....
d - Teleport Other        Tloc           ###.....     12%         3    ###....


Dungeon Overview and Level Annotations

Branches:
Dungeon (6/15)
 Temple: D:4-7

Altars:
Ashenzari
Cheibriados
Ru


Innate Abilities, Weirdness & Mutations

Your magical capacity is low (-10% MP).


Message History

Confirm with . or Enter, or press ? or * to list all spells.
You blink.
Casting: Blink
Confirm with . or Enter, or press ? or * to list all spells.
You blink.
A gnoll comes into view. It is wielding a flail.
The gnoll shouts!
An ogre comes into view. It is wielding a giant club.
The gnoll barely misses you.
A giant gecko zombie comes into view.
The gnoll shouts!
The gnoll hits you with a flail.
Found a scroll labeled GERPHU EWARUTA.
The gnoll hits you with a flail.
Casting: Blink
Confirm with . or Enter, or press ? or * to list all spells.
You miscast Blink.
Nothing appears to happen.
The gnoll hits you with a flail! The ogre hits you with a giant club!!
Ouch! That really hurt!
You die...

.....
#.....
.....#
#..Z..#
#####...?.#
#.........
#.@gg.#
#.gOJ.#
#.>g..#
#...a.#
#####.####
#....#
#....#
#a...#
####....#


You could see an ogre, a jelly, a worker ant, 4 gnolls and a giant gecko zombie.

Vanquished Creatures
  A jelly (D:5)
  4 adders
  An ooze (D:1)
  A giant gecko (D:2)
  2 orcs (D:3)
  2 giant cockroaches (D:2)
  7 hobgoblins (D:1)
  A quokka (D:2)
  A ball python (D:1)
  5 bats
  4 giant newts
  6 goblins
  3 kobolds
  A rat (D:1)
39 creatures vanquished.

Notes
Turn   | Place    | Note
--------------------------------------------------------------
     0 | D:1      | Shim the High Elf Warper began the quest for the Orb.
     0 | D:1      | Reached XP level 1. HP: 14/14 MP: 4/4
   532 | D:1      | Reached XP level 2. HP: 17/19 MP: 6/6
   536 | D:1      | Learned a level 2 spell: Blink
   597 | D:1      | Reached skill level 1 in Armour
   717 | D:1      | Upgraded the game from 0.17-a0-2002-g92c7e20 to 0.17-a0-2014-g32cd421
   788 | D:1      | Learned a level 2 spell: Shroud of Golubria
  1585 | D:2      | Found a sacrificial altar of Ru.
  1633 | D:1      | Reached XP level 3. HP: 10/24 MP: 0/7
  1943 | D:2      | Found a snail-covered altar of Cheibriados.
  2131 | D:2      | Reached skill level 1 in Stealth
  2131 | D:2      | Reached XP level 4. HP: 10/29 MP: 1/9
  2688 | D:3      | Learned a level 3 spell: Teleport Other
  2915 | D:3      | Found a shattered altar of Ashenzari.
  3027 | D:3      | Reached skill level 1 in Charms
  3204 | D:3      | You fall through a shaft for 3 floors!
  3263 | D:6      | Noticed an ogre
  3281 | D:6      | Gained mutation: Your magical capacity is low (-10% MP). [mutagenic glow]
  3325 | D:5      | Entered Level 5 of the Dungeon
  3333 | D:5      | Reached skill level 4 in Translocations
  3573 | D:5      | Noticed an ogre
  3577 | D:5      | Mangled by an ogre

Vault maps used:
D:1:      tarquinn_simple_flora_water_d, roderic_lattice_a, nrook_mini_vaults
D:2:      lemuel_doored_altar, hangedman_ru_absence
D:3:      lemuel_coloured_pillars_altar
D:5:      first_bread, serial_shops, nicolae_shop_window_shopping
D:6:      lemuel_round_altar

Action                   |  1- 3 |  4- 6 || total
-------------------------+-------+-------++-------
Melee: Short sword       |   121 |    35 ||   156
Throw: Tomahawk          |     7 |     1 ||     8
 Cast: Shroud of Golubri |    14 |     5 ||    19
       Blink             |     3 |     2 ||     5
 Abil: Evoke Invisibilit |       |     5 ||     5
  Use: Potion            |     6 |       ||     6
       Scroll            |     2 |       ||     2
 Stab: Sleeping          |       |     2 ||     2
  Eat: Chunk             |     4 |     6 ||    10
       Fruit             |     1 |       ||     1
